 Dungeon Sprint DCSS version 0.28-a0-1387-g3a22ab9bdc (webtiles) character file.

Game seed: 14300319744731059904

2 mhtbhm the Skirmisher (level 1, -1/20 HPs)
             Began as a Draconian Berserker on Jan 2, 2022.
             Was a Follower of Trog.
             Slain by Jessica (2 damage)
             ... in the Dungeon (Sprint III: "The Ten Rune Challenge").
             The game lasted 00:00:07 (39 turns).

mhtbhm the Skirmisher (Draconian Berserker)           Turns: 39, Time: 00:00:08

Health: -1/20      AC:  4    Str: 19    XL:     1   Next: 33%
Magic:  1/1        EV: 12    Int:  7    God:    Trog [*.....]
Gold:   0          SH:  0    Dex: 10    Spells: 0/0 levels left

rFire   . . .      SeeInvis .   a - +0 falchion
rCold   . . .      Faith    .   (no shield)
rNeg    . . .      Spirit   .   (armour unavailable)
rPois   .          Reflect  .   (helmet restricted)
rElec   .          Harm     .   (no cloak)
rCorr   .          Rampage  .   (no gloves)
Will    .....      NoTele   +   (no boots)
Stlth   +.........              (no amulet)
HPRegen 0.06/turn               (no ring)
MPRegen 0.07/turn               (no ring)

@: no status effects
A: AC +4, unfitting armour, cold-blooded
a: Renounce Religion, Berserk


You were in the Dungeon.
You worshipped Trog.
Trog was aware of your devotion.
You visited 1 branch

Inventory:

Hand Weapons
 a - a +0 falchion (weapon)
Scrolls
 g - a scroll of blinking
 h - a scroll of amnesia {unknown}
Potions
 b - a potion of curing
 c - a potion of heal wounds
 d - a potion of haste
 e - 2 potions of magic
 f - a potion of berserk rage


   Skills:
 + Level 3.7 Fighting
 + Level 3.4 Long Blades
 + Level 3.0 Dodging


You couldn't memorise any spells.
You didn't know any spells.
Your spell library was empty.

Dungeon Overview and Level Annotations

Branches:
Dungeon (1/1)

Altars:

Annotations:
D Jessica


Innate Abilities, Weirdness & Mutations

Your plain brown scales are hard. (AC +4)
You cannot fit into any form of body armour.
You are cold-blooded and may be slowed by cold attacks.


Message History

The endoplasm quivers.
The endoplasm closely misses you.
You hit the endoplasm.
The endoplasm is almost dead.
The endoplasm barely misses you. x2
You hit the endoplasm.
You kill the endoplasm!
Trog accepts your kill. The endoplasm barely misses you.
You hit the endoplasm. You tail-slap the endoplasm.
You kill the endoplasm!
Trog accepts your kill.
Your Dodging skill increases to level 3!
No target in view!
No target in view!
No target in view!
h - a scroll labelled UCZOTH WEESERE
Found 20 arrows.
Jessica the Apprentice Sorceress comes into view.
She is wielding a +2 dagger of flaming and wearing a +0 robe of resistance.
Jessica shouts!
Jessica gestures at you while chanting. You resist with significant effort.
You hit Jessica but do no damage. You tail-slap Jessica.
Jessica is lightly wounded.
Jessica hits you with a +2 dagger of flaming.
Jessica burns you.
You fail to use your ability.
Jessica closely misses you.
You barely miss Jessica.
Your tail-slap misses Jessica.
Jessica is lightly wounded.
Jessica hits you with a +2 dagger of flaming.
Jessica burns you. Jessica gestures at you while chanting.
Pain shoots through your body!
* * * LOW HITPOINT WARNING * * *
You closely miss Jessica. You tail-slap Jessica.
Jessica is moderately wounded.
Jessica hits you with a +2 dagger of flaming.
* * * LOW HITPOINT WARNING * * *
Jessica burns you.
You die...

▓▓▓▓▓▓▓▓▓
▓<..#(..####
▓...#......##
▓..##...@@..#
▓##.##.##...#
##.##.###..#
▓#.####.# ..#
▓.###..## ##
▓#.....#
###..##
##..## #..##


You could see Jessica.

Vanquished Creatures
  2 endoplasms (D)
2 creatures vanquished.

Notes
Turn   | Place    | Note
-------+----------+-------------------------------------------
     0 | D        | mhtbhm the Draconian Berserker began the quest for the Orb.
     0 | D        | Reached XP level 1. HP: 19/19 MP: 1/1
    33 | D        | Noticed Jessica
    39 | D        | HP: 1/20 [Jessica (4)]
    39 | D        | Slain by Jessica

Illustrated notes

Levels and vault maps discovered:
D:        dungeon_sprint_mu [sprint_mu_entry_cave, sprint_mu_temple_rooms,
          sprint_mu_d1_spiders, sprint_mu_d2_genie, sprint_mu_d3_branching,
          sprint_mu_orc_legion, sprint_mu_elf_gauntlet, sprint_mu_hive_nellie,
          sprint_mu_lair_fedhas, sprint_mu_vaults_butterflies,
          sprint_mu_slime_circle, sprint_mu_shoals_archi,
          sprint_mu_snake_twists, sprint_mu_blade_basic,
          sprint_mu_crypt_chambers, sprint_mu_tomb_spiral,
          sprint_mu_vestibule_basic, sprint_mu_gehenna_hellfire,
          sprint_mu_dis_giant, sprint_mu_tartarus_statrot,
          sprint_mu_cocytus_islands, sprint_mu_zot1]

Skill      XL: |  1 |
---------------+----+-----
Dodging        | 3 |  3.0
Fighting       | |  3.7
Long Blades    | |  3.4

Action                   || total
-------------------------++-------
Melee: Falchion          ||     7
       Tailslap          ||     3
Dodge: Dodged            ||     6

Table legend: (Time is in decaauts)
 A = Elapsed time spent in this place.
 B = Non-inter-level travel time spent in this place.
 C = Inter-level travel time spent in this place.
 D = Time resting spent in this place.
 E = Time spent auto-exploring this place.
 F = Levels seen in this place.
 G = Mean time per level.
                   A        B        C        D        E       F      G
               +--------+--------+--------+--------+--------+-----+--------+
         Total |     40 |     40 |      0 |      0 |      5 |   1 |   40.0 |
       Dungeon |     40 |     40 |      0 |      0 |      5 |   1 |   40.0 |
               +--------+--------+--------+--------+--------+-----+--------+

Top non-repeatable levels by time:
       D: 40 daAuts
